 Dungeon Crawl Stone Soup version 0.30-a0-568-g124715a40b (webtiles) character file.

Game seed: 6937123097867764

1400452 Twinkles the Immaculate (level 27, 232/232 (238) HPs)
             Began as a Formicid Fighter on Dec 25, 2022.
             Was a High Priest of Zin.
             Escaped with the Orb
             ... and 3 runes on Dec 28, 2022!
             The game lasted 08:22:02 (104784 turns).

Twinkles the Immaculate (Formicid Fighter)        Turns: 104784, Time: 08:22:03

HP:   232/232 (238) AC: 48    Str: 37 (38) XL:     27
MP:   39/39         EV: 15    Int: 12 (13) God:    Zin [*****.]
Gold: 846           SH: 22    Dex: 16 (17) Spells: 26/26 levels left

rFire   + + .      SeeInvis +    a - +9 executioner's axe (flame)
rCold   + . .      Faith    +    D - +2 tower shield {AC+3}
rNeg    . . .      Spirit   .    T - +8 crystal plate armour
rPois   +          Reflect  .    (helmet unavailable)
rElec   .          Harm     .    i - +1 cloak {Will+}
rCorr   .          Rampage  .    n - +2 pair of gloves {Str+3}
Will    +++..                    q - +2 pair of boots of the Gusle {+Inv rC+ Int+5 Stlth+} Stlth
                                 W - amulet of faith
HPRegen 0.58/turn                P - ring "Gigoofo" {rPois rF+ Dex+4 Slay+4}
MPRegen 0.26/turn                Y - ring of protection from fire

@: studying 2 skills, lightly drained
A: permanent stasis, dig shafts and tunnels, antennae 3, four strong arms,
MP-powered wands
0: Orb of Zot
}: 3/15 runes: decaying, serpentine, slimy
a: Dig, Shaft Self, Renounce Religion, Evoke Invisibility, Recite, Vitalisation,
Imprison, Sanctuary, Donate Gold


You escaped.
You worshipped Zin.
Zin was extremely pleased with you.
You visited 11 branches of the dungeon, and saw 54 of its levels.
You visited 1 bazaar.
You also visited: Ossuary and Bailey.

You collected 8585 gold pieces.
You spent 6212 gold pieces at shops.
You donated 1527 gold pieces to Zin.

Inventory:

Hand Weapons
 a - a +9 executioner's axe of flaming (weapon)
 b - the +8 longbow "Zephyr" {speed, Dex+3 SInv}
   (You found it on level 5 of the Pits of Slime)

   Attacks with this weapon are significantly faster.
   Dex:       It affects your dexterity (+3).
   SInv:      It lets you see invisible.
 c - a +3 great mace of protection
Missiles
 l - 4 curare-tipped darts
 x - 9 javelins
 z - 13 silver javelins
 Z - 4 throwing nets
Armour
 i - a +1 cloak of willpower (worn)
 k - a +2 cloak of poison resistance
 n - a +2 pair of gloves of strength (worn)
 q - the +2 pair of boots of the Gusle (worn) {+Inv rC+ Int+5 Stlth+}
   (You acquired it on level 4 of the Realm of Zot)

   Int:       It affects your intelligence (+5).
   rC:        It protects you from cold.
   +Inv:      It lets you turn invisible.
   Stlth:     It makes you more stealthy.
 D - a +2 tower shield of protection (worn)
 T - a +8 crystal plate armour (worn)
Jewellery
 g - the amulet "Hox Cial" {Reflect Will+ SH+5}
   (You acquired it in a bailey)

   [amulet of reflection]

   It reflects blocked missile attacks.
   SH:        It affects your SH (+5).
   Will:      It increases your willpower.
 h - the ring "Yniuts" {rN++ Str+6}
   (You found it on level 5 of the Pits of Slime)

   [ring of strength]

   Str:       It affects your strength (+6).
   rN:        It greatly protects you from negative energy.
 j - a ring of resist corrosion
 o - the ring of Mirth {rN+ Dex+6}
   (You found it on level 1 of the Depths)

   [ring of positive energy]

   Dex:       It affects your dexterity (+6).
   rN:        It protects you from negative energy.
 t - a ring of willpower
 u - the ring of the Death Scarab {+Blink rElec MP+9 Str+9 Int-3}
   (You bought it in a shop in a bazaar)

   [ring of magical power]

   Str:       It affects your strength (+9).
   Int:       It affects your intelligence (-3).
   rElec:     It insulates you from electricity.
   MP:        It affects your magic capacity (+9).
   +Blink:    It lets you blink.
 H - a +8 ring of strength
 P - the ring "Gigoofo" (left hand) {rPois rF+ Dex+4 Slay+4}
   (You bought it in a shop on level 2 of the Orcish Mines)

   [ring of slaying]

   Dex:       It affects your dexterity (+4).
   Slay:      It affects your accuracy & damage with ranged weapons and melee
   (+4).
   rF:        It protects you from fire.
   rPois:     It protects you from poison.
 S - the ring of the Townfolk {rC++ Int+6 Dex+5}
   (You found it on level 1 of the Depths)

   [ring of intelligence]

   Int:       It affects your intelligence (+6).
   Dex:       It affects your dexterity (+5).
   rC:        It greatly protects you from cold.
 W - an amulet of faith (around neck)
 Y - a ring of protection from fire (right hand)
Wands
 d - a wand of light (33)
 e - a wand of roots (57)
 p - a wand of paralysis (51)
 y - a wand of mindburst (34)
Scrolls
 f - a scroll of butterflies
 r - 16 scrolls of poison
 E - 15 scrolls of fear
 F - 12 scrolls of fog
 K - 12 scrolls of immolation
 O - 3 scrolls of silence
 V - 10 scrolls of vulnerability
 X - 10 scrolls of magic mapping
Potions
 A - 6 potions of attraction
 B - 10 potions of brilliance
 C - 2 potions of cancellation
 G - 4 potions of ambrosia
 I - 6 potions of invisibility
 J - 16 potions of curing
 L - 9 potions of flight
 M - 2 potions of might
 N - 4 potions of heal wounds
 Q - 3 potions of magic
 R - 5 potions of resistance
 U - 13 potions of mutation
Miscellaneous
 m - a phantom mirror
 s - a tin of tremorstones (2/2)
 v - a lightning rod (4/4)
 w - a phial of floods


   Skills:
 - Level 24.0 Fighting
 - Level 21.3(21.6) Axes
 - Level 5.9(15.1) Maces & Flails
 * Level 19.4 Throwing
 - Level 20.0 Armour
 + Level 17.4 Dodging
 - Level 5.0 Stealth
 - Level 16.2 Shields
 - Level 25.3 Invocations
 - Level 11.7 Evocations


You had 26 spell levels left.
You didn't know any spells.
Your spell library contained the following spells:

 Spells                   Type           Power      Damage    Failure   Level
 Apportation              Tloc           0%         N/A       99%         1
 Freeze                   Ice            0%         1d3       99%         1
 Kiss of Death            Conj/Necr      0%         2d5       99%         1
 Magic Dart               Conj           0%         1d3       99%         1
 Necrotise                Necr           0%         1d4       99%         1
 Shock                    Conj/Air       0%         1d3       99%         1
 Summon Small Mammal      Summ           0%         N/A       99%         1
 Call Imp                 Summ           0%         N/A       100%        2
 Ensorcelled Hibernation  Hex/Ice        0%         N/A       100%        2
 Passwall                 Tmut/Erth      0%         N/A       100%        2
 Scorch                   Fire           0%         2d5       100%        2
 Searing Ray              Conj           0%         2d4       100%        2
 Dazzling Flash           Conj/Hex       0%         N/A       100%        3
 Frozen Ramparts          Ice            0%         1d1       100%        3
 Gell's Gravitas          Tloc           0%         N/A       100%        3
 Hailstorm                Conj/Ice       0%         3d3       100%        3
 Ignite Poison            Fire/Tmut/Pois 0%         N/A       100%        3
 Inner Flame              Hex/Fire       0%         N/A       100%        3
 Kindle Blastsparks       Fire/Tloc/Air  0%         2d10      100%        3
 Lesser Beckoning         Tloc           0%         N/A       100%        3
 Mephitic Cloud           Conj/Pois/Air  0%         N/A       100%        3
 Ozocubu's Armour         Ice            0%         N/A       100%        3
 Spider Form              Tmut/Pois      0%         N/A       100%        3
 Teleport Other           Tloc           0%         N/A       100%        3
 Tukima's Dance           Hex            0%         N/A       100%        3
 Vampiric Draining        Necr           0%         2d6       100%        3
 Airstrike                Air            0%         2d(0-16)  100%        4
 Anguish                  Hex/Necr       0%         N/A       100%        4
 Animate Armour           Summ/Erth      0%         N/A       100%        4
 Cause Fear               Hex            0%         N/A       100%        4
 Flame Wave               Conj/Fire      0%         2d4       100%        4
 Fulminant Prism          Conj/Hex       0%         3d5       100%        4
 Ice Form                 Ice/Tmut       0%         N/A       100%        4
 Iskenderun's Mystic Bla  Conj/Tloc      0%         2d3       100%        4
 Manifold Assault         Tloc           0%         N/A       100%        4
 Passage of Golubria      Tloc           0%         N/A       100%        4
 Petrify                  Tmut/Erth      0%         N/A       100%        4
 Sticky Flame             Conj/Fire      0%         2d3       100%        4
 Summon Ice Beast         Ice/Summ       0%         N/A       100%        4
 Agony                    Necr           0%         N/A       100%        5
 Blade Hands              Tmut           0%         N/A       100%        5
 Freezing Cloud           Conj/Ice/Air   0%         6-21      100%        5
 Lee's Rapid Deconstruct  Erth           0%         3d4*      100%        5
 Lightning Bolt           Conj/Air       0%         1d11      100%        5
 Metabolic Englaciation   Hex/Ice        0%         N/A       100%        5
 Silence                  Hex/Air        0%         N/A       100%        5
 Summon Forest            Summ/Tloc      0%         N/A       100%        5
 Summon Mana Viper        Hex/Summ       0%         N/A       100%        5
 Yara's Violent Unravell  Hex/Tmut       0%         3d3       100%        5
 Dispersal                Tloc           0%         N/A       100%        6
 Iron Shot                Conj/Erth      0%         9d1       100%        6
 Simulacrum               Ice/Necr       0%         N/A       100%        6
 Starburst                Conj/Fire      0%         6d3       100%        6
 Statue Form              Tmut/Erth      0%         N/A       100%        6
 Summon Cactus Giant      Summ           0%         N/A       100%        6
 Dragon Form              Tmut           0%         N/A       100%        7
 Haunt                    Necr/Summ      0%         N/A       100%        7
 Ozocubu's Refrigeration  Ice            0%         4d7       100%        7
 Storm Form               Tmut/Air       0%         N/A       100%        7
 Disjunction              Tloc           0%         N/A       100%        8
 Ignition                 Fire           0%         3d3       100%        8
 Lehudib's Crystal Spear  Conj/Erth      0%         10d2      100%        8
 Dragon's Call            Summ           0%         N/A       100%        9
 Blink                    Tloc           Unusable   N/A       N/A         2
 Swiftness                Air            Unusable   N/A       N/A         3

Dungeon Overview and Level Annotations

Branches:
Dungeon (15/15)            Temple (0/1) D:6            Lair (5/5) D:10
  Swamp (4/4) Lair:3        Snake (4/4) Lair:3        Slime (5/5) Lair:5
    Orc (2/2) D:11            Elf (3/3) Orc:2        Vaults (4/5) D:13
  Crypt (3/3) Vaults:2       Tomb (0/3) Crypt:3      Depths (4/4) D:15
    Zot (5/5) Depths:4    Ossuary (visited)          Bailey (visited)

Altars:
Ashenzari
Cheibriados
Dithmenos
Elyvilon
Fedhas
Hepliaklqana
Kikubaaqudgha
Makhleb
Nemelex Xobeh
Okawaru
Qazlal
Ru
Uskayaw
Vehumet
Wu Jian
Yredelemnul
Zin
The Shining One
Jiyva

Shops:
D:7 :   D:9 (   D:10 =   D:11 ?   Orc:2 **==   Elf:2 =   Elf:3 (   Snake:1 :

Portals:
Hell: Lair:5 Depths:1 Depths:2 Depths:3 Depths:4
Abyss: Depths:3
Pandemonium: Depths:1 Depths:2 Depths:4
Ziggurat: Depths:3

Annotations:
Vaults:4 2 transporters, Egeuwelinn's ghost, veteran GnWn; billz999's ghost, veteran DjFE
Depths:1 2 runed translucent doors
Zot:1 2 transporters, 1 runed translucent door, jfcaron's ghost, master DrAE


Innate Abilities, Weirdness & Mutations

You cannot be hasted, slowed, berserked, paralysed or teleported.
You can dig through walls and to a lower floor.
You have a pair of large antennae on your head. (SInv)
Your four strong arms can wield two-handed weapons with a shield.
You expend magic power (3 MP) to strengthen your wands.


Message History

The Orb Guardian is heavily wounded.
You block the Orb Guardian's attack.
You slash the Orb Guardian! You burn the Orb Guardian.
The Orb Guardian is severely wounded.
The Orb Guardian hits you but does no damage.
You slice the Orb Guardian!! You burn the Orb Guardian!
The Orb Guardian is almost dead.
You block the Orb Guardian's attack. The Orb Guardian barely misses you.
You carve the Orb Guardian like a ham!!!
You burn the Orb Guardian.
You kill the Orb Guardian!
There is a stone staircase leading up here.
You climb upwards.
There is a stone staircase leading down here.
(D) Dungeon (T) Temple (L) Lair (S) Swamp (P) Snake Pit (M) Slime Pits (O) Orcish Mines (E) Elven Halls (V) Vaults (C) Crypt (W) Tomb (U) Depths (H) Hell (Z) Zot
Where to? (Enter - D:1 @ (x,y), ? - help)
What level of the Dungeon? (default 1, ? - help)
There is a stone staircase leading up here.
You climb upwards.
There is a stone staircase leading down here.
There is a stone staircase leading up here.
You climb upwards.
There is a stone staircase leading down here.
There is an escape hatch in the ceiling here.
A mysterious force pulls you upwards. The hatch slams shut behind you.
A sun demon comes into view.
Unknown command.
You block the sun demon's attack.
You slash the sun demon!
The sun demon is moderately wounded.
You block the sun demon's attack.
You cut the sun demon into ribbons!!!
You kill the sun demon!
There is a staircase leading out of the dungeon here.
Do you wish to donate half of your money?
You feel that Zin will soon be exalted by your worship.
You have escaped!

#.........................# #
##.........................# #
#..........................# #
#.........######...........# #
#....#..##......##........## #
##....##..........#.......# #
#...#.............#......# #
#..#..............#......#
#.#......(...##@..#......#
#.#.........#....#.......##
#.#.............#.........#
##............##..........#
#.........................##
#..........................#
#........................#.#
#........................#.##
##...........................####


There were no monsters in sight!

Vanquished Creatures
  the Royal Jelly (Slime:5)
  4 ancient liches
  6 orbs of fire
  A royal mummy (Crypt:3)
  Bai Suzhen (Snake:2)
  9 Killer Klowns
  5 curse toes
  Vashnia (Snake:2)
  Vv (Zot:1)
  Margery (Crypt:3)
  Saint Roka (Vaults:1)
  7 golden dragons
  3 electric golems
  22 tentacled monstrosities
  Jorgrun (D:15)
  A walking crystal tome (Depths:4)
  Rupert (D:12)
  Asterion (Snake:4)
  28 Orb Guardians
  2 deep elf blademasters
  4 liches
  A shard shrike skeleton (Crypt:1)
  2 deep elf master archers (Depths:3)
  23 acid blobs
  4 quicksilver dragons
  8 death cobs
  4 sphinxes
  2 ancient champions
  Kirke (D:12)
  A thorn hunter (Swamp:2)
  Roxanne (D:15)
  2 revenants (Crypt:2)
  13 rockslimes
  10 storm dragons
  7 draconian monks
  4 shadow dragons
  4 draconian knights
  A tengu reaver (Vaults:4)
  3 fenstrider witches
  2 fire giants
  Donald (Swamp:1)
  4 azure jellies
  4 nagarajas (Snake:4)
  6 deep elf sorcerers
  5 draconian scorchers
  6 frost giants
  Aizul (Elf:2)
  4 draconian shifters
  14 vault wardens
  12 ironbound preservers
  3 curse skulls
  4 draconian stormcallers
  3 ghost moths
  Louise (Swamp:2)
  4 war gargoyles
  3 orc warlords
  12 very ugly things
  4 spriggan defenders
  11 draconian annihilators
  13 ghouls
  6 deep elf elementalists (Elf:3)
  8 quicksilver oozes
  13 stone giants
  8 ironbound thunderhulks
  11 green draconians
  4 eleionomae (Swamp:2)
  The ghost of lotum the Severer, a journeyman FoFi of Okawaru (Lair:3)
  11 purple draconians
  Nessos (Orc:2)
  8 vampire knights
  8 deep elf demonologists
  3 bunyips
  11 yellow draconians
  11 red draconians
  16 white draconians
  5 dire elephants
  4 spark wasps (Depths:1)
  12 black draconians
  5 ettins
  8 deep elf annihilators (Elf:3)
  Snorg (Orc:2)
  2 eidola
  3 blizzard demons
  7 crystal guardians
  5 mummy priests (Crypt:3)
  8 jiangshi
  Josephine (D:13)
  3 entropy weavers
  6 deep elf death magi
  9 fire dragons
  11 deep elf high priests
  A spriggan zombie (Crypt:1)
  11 yaktaur captains
  Harold (Orc:1)
  A rakshasa (D:13)
  21 hydras
  6 great orbs of eyes
  4 ghost crabs
  2 peacekeepers (Vaults:3)
  4 salamander tyrants
  9 vault guards
  5 spriggan air magi
  10 ice dragons
  3 catoblepae
  10 ironbound frosthearts
  9 alligators
  A fenstrider witch skeleton (Crypt:1)
  20 centaur warriors
  8 anacondas
  2 boulder beetles
  32 dancing weapons
  6 deep troll shamans
  4 deep troll earth magi
  7 two-headed ogres
  7 vampire magi
  10 naga warriors
  3 tengu warriors
  5 orc high priests
  Urug (D:13)
  10 hell knights
  5 shock serpents
  2 sun demons
  5 spriggan berserkers
  19 deep elf knights
  15 naga sharpshooters
  Nergalle (D:10)
  3 soul eaters
  2 sixfirhies
  15 spriggans
  4 iron trolls
  3 shadow wraiths
  19 skeletal warriors
  2 goliath frogs
  3 fire crabs
  3 salamander mystics
  6 flayed ghosts
  2 spriggan druids (Swamp:3)
  16 lindwurms
  4 glowing orange brains
  9 swamp dragons
  19 deep elf archers
  34 deep trolls
  8 phantasmal warriors
  13 bog bodies
  6 naga ritualists
  11 wizards
  3 harpies (Vaults:3)
  19 ironbound convokers
  29 deep elf zephyrmancers
  31 deep elf pyromancers
  7 orc knights
  5 necromancers
  6 mana vipers
  11 orc sorcerers
  2 oklob plants
  34 ugly things
  4 shining eyes
  A wolf spider (shapeshifter) (Elf:2)
  3 cyclopes
  26 salamanders
  A sphinx skeleton (Vaults:2)
  28 moths of wrath
  2 manticores (D:13)
  9 elephants
  Maurice (D:8)
  34 black mambas
  3 stone giant skeletons (Vaults:2)
  An iron dragon skeleton (Crypt:1)
  6 guardian serpents
  8 apocalypse crabs (Zot:4)
  16 naga magi
  2 eyes of devastation
  Joseph (D:10)
  15 vault sentinels
  An ice statue (Snake:3)
  4 centaur skeletons (D:13)
  3 gargoyles (Depths:2)
  5 orange demons
  A rust devil (Depths:2)
  5 torpor snails
  3 smoke demons
  A red draconian zombie (Crypt:3)
  A fire giant skeleton (Vaults:2)
  A water nymph (shapeshifter) (Vaults:1)
  The ghost of Thepossum the Chopper, a novice DsCK of Xom (D:4)
  10 cane toads
  4 unseen horrors
  2 rime drakes (Lair:5)
  7 komodo dragons
  2 kobold demonologists
  50 yaktaurs
  A catoblepas zombie (Crypt:3)
  A freezing wraith (D:15)
  A grey draconian zombie (Crypt:3)
  An efreet (Zot:5)
  38 guardian mummies
  2 ice devils (Lair:5)
  A black draconian skeleton (Crypt:1)
  6 tengu conjurers
  2 yaktaur skeletons (Vaults:2)
  A bunyip simulacrum (Crypt:1)
  A red devil (Lair:5)
  A green draconian skeleton (Crypt:2)
  A queen bee (shapeshifter) (D:15)
  A red draconian skeleton (Crypt:2)
  A polar bear (Lair:5)
  A meliai (shapeshifter) (Elf:1)
  5 trolls
  A bloated husk (Swamp:3)
  A death drake zombie (Crypt:3)
  Grinder (D:6)
  14 hornets
  21 blink frogs
  7 tyrant leeches
  7 dream sheep
  117 slime creatures
  A great orb of eyes zombie (Crypt:2)
  7 air elementals
  4 water elementals
  2 shadows (D:10)
  51 yaks
  12 wraiths
  A vampire (D:12)
  An alligator skeleton (Crypt:3)
  A ynoxinul (Depths:2)
  4 wyverns
  8 ushabtiu (Crypt:3)
  A human (shapeshifter) (D:13)
  A basilisk (D:15)
  7 fire bats
  2 hogs (D:12)
  8 golden eyes
  A basilisk (shapeshifter) (D:13)
  4 fire elementals
  5 redbacks (Vaults:4)
  10 vampire mosquitoes
  2 steam dragons (Swamp:4)
  7 wargs
  17 swamp worms
  A glowing shapeshifter zombie (Crypt:1)
  A harpy simulacrum (Crypt:1)
  61 nagas
  19 water moccasins
  3 acid dragons
  4 hell hounds (Lair:5)
  2 glowing shapeshifter skeletons (Vaults:2)
  12 swamp drakes
  2 floating eyes
  32 orc warriors
  A merfolk skeleton (Crypt:2)
  5 ice beasts
  The ghost of Taurus the Trooper, an amateur MiFi (D:3)
  5 black bears
  9 ogres
  9 boggarts
  2 swamp dragon zombies
  6 wolves (Lair:2)
  13 centaurs
  A swamp dragon skeleton (Crypt:1)
  A blink frog skeleton (Crypt:2)
  2 elf zombies (Ossuary)
  2 phantoms
  13 bullfrogs
  A kobold brigand (D:13)
  A bullfrog (shapeshifter) (Depths:1)
  7 necrophages
  5 earth elementals
  3 gnoll sergeants
  2 elf skeletons
  4 scorpions
  8 wights
  A water moccasin skeleton (Crypt:2)
  5 killer bees (D:8)
  A polar bear zombie (Crypt:3)
  A yak zombie (Crypt:1)
  A raiju skeleton (Crypt:2)
  2 howler monkeys
  A vampire bat (Lair:5)
  8 electric eels
  A hound (D:4)
  A human zombie (D:4)
  2 jellies
  A basilisk zombie (Crypt:2)
  A bullfrog skeleton (Crypt:1)
  10 orc priests
  5 iguanas
  Terence (D:2)
  4 hell rats
  39 orc wizards
  6 human skeletons
  A naga zombie (Crypt:1)
  3 hound zombies (Ossuary)
  A tengu skeleton (Crypt:1)
  2 deep dwarf skeletons
  11 mummies
  25 gnolls
  11 adders
  4 shadow imps (D:7)
  3 white imps
  An ufetubus (D:5)
  A lava snake skeleton (Crypt:2)
  A worm zombie (Crypt:3)
  An iguana skeleton (Crypt:2)
  2 worms (D:4)
  3 dart slugs
  107 orcs
  10 endoplasms
  A giant cockroach (D:3)
  2 gnoll zombies (Ossuary)
  12 goblins
  9 hobgoblins
  9 kobolds
  3 quokkas
  5 ball pythons
  16 bats
  4 frilled lizards
  A gnoll skeleton (Crypt:3)
  2 goblin zombies (Ossuary)
  A jackal zombie (Ossuary)
  A kobold zombie (Ossuary)
  6 orc skeletons (D:4)
  An orc zombie (Ossuary)
  4 rats
  A spectral orc (D:6)
  A briar patch (Swamp:2)
  4 bushes (D:11)
  2 fungi (D:11)
  15 pillars of salt
  2 plants (D:11)
2379 creatures vanquished.

Vanquished Creatures (collateral kills)
  An acid blob (Slime:5)
  A rockslime (Slime:5)
  A hornet (Depths:3)
3 creatures vanquished.

Vanquished Creatures (others)
  A spark wasp (Depths:1)
  An alligator (Swamp:2)
  2 deep elf knights (Elf:2)
  A swamp dragon (Swamp:2)
  A deep elf pyromancer (Elf:1)
  2 apocalypse crabs (Zot:4)
  A bloated husk (Swamp:1)
  A jumping spider (Vaults:4)
  2 humans (D:12)
  2 swamp worms (Swamp:2)
  A swamp drake (Swamp:4)
  A centaur (D:11)
  An orc priest (Vaults:1)
  An orc wizard (Orc:2)
  4 briar patches (Swamp:2)
  57 fungi
  29 pillars of salt
  110 plants
218 creatures vanquished.

Grand Total: 2600 creatures vanquished

Notes
Turn   | Place    | Note
-------+----------+-------------------------------------------
     0 | D:1      | Twinkles the Formicid Fighter began the quest for the Orb.
     0 | D:1      | Reached XP level 1. HP: 18/18 MP: 1/1
   191 | D:1      | Reached XP level 2. HP: 24/24 MP: 2/2
   479 | D:1      | Reached XP level 3. HP: 29/29 MP: 3/3
  1456 | D:2      | Reached XP level 4. HP: 35/37 MP: 4/4
  1468 | D:2      | Noticed Terence
  1473 | D:2      | Killed Terence
  1747 | D:2      | Noticed a gnoll sergeant
  1866 | D:2      | Found the +3 woodcutter's axe {vorpal}
  1957 | D:2      | Reached XP level 5. HP: 25/32 MP: 5/5
  2036 | D:3      | Reached skill level 5 in Shields
  2088 | D:3      | Reached skill level 1 in Stealth
  2153 | D:3      | Found a glowing silver altar of Zin.
  2270 | D:4      | Found an ancient bone altar of Kikubaaqudgha.
  2274 | D:4      | Found a hide-covered altar of Uskayaw.
  2365 | D:4      | Found a sand-covered staircase.
  2375 | D:4      | Reached XP level 6. HP: 36/48 MP: 6/6
  2435 | D:4      | Reached skill level 1 in Dodging
  2469 | Ossuary  | Entered an ossuary
  2489 | Ossuary  | Reached XP level 7. HP: 40/55 MP: 7/7
  2496 | Ossuary  | Reached skill level 5 in Armour
  2662 | Ossuary  | Reached skill level 5 in Fighting
  2781 | D:3      | Became a worshipper of Zin the Law-Giver
  2781 | D:3      | Reached * piety under Zin
  2807 | D:4      | Found a runed translucent door.
  2807 | D:4      | Noticed Thepossum's ghost (novice DsCK)
  2968 | D:4      | Found a radiant altar of Vehumet.
  3130 | D:4      | Reached skill level 1 in Invocations
  3240 | D:4      | Found a stormy altar of Qazlal.
  3250 | D:4      | Donated 97 gold pieces to Zin
  3298 | D:4      | Reached XP level 8. HP: 47/62 MP: 8/8
  3398 | D:4      | Found a hazy altar of Hepliaklqana.
  3601 | D:4      | Reached ** piety under Zin
  3757 | D:5      | Entered Level 5 of the Dungeon
  4076 | D:5      | Reached skill level 2 in Invocations
  4644 | D:6      | Found a shadowy altar of Dithmenos.
  4696 | D:5      | HP: 15/64 [orc warrior/+0 scimitar (18)]
  4937 | D:6      | Found a basalt altar of Yredelemnul.
  4970 | D:6      | Found a staircase to the Ecumenical Temple.
  4985 | D:6      | Noticed Grinder
  5017 | D:6      | Reached *** piety under Zin
  5031 | D:6      | Reached skill level 3 in Invocations
  5088 | D:6      | Reached skill level 5 in Maces & Flails
  5088 | D:6      | Reached skill level 5 in Stealth
  5088 | D:6      | Reached XP level 9. HP: 69/69 MP: 11/11
  5117 | D:6      | Killed Grinder
  5366 | D:6      | Found a white marble altar of Elyvilon.
  5475 | D:7      | Found a burning altar of Makhleb.
  5648 | D:7      | Found a broken altar of Ashenzari.
  5676 | D:7      | Reached **** piety under Zin
  5691 | D:7      | Identified the +9 flail "Tashaok" {elec, Contam *Rage MP+9
                  | Str+9}
  5856 | D:7      | Reached skill level 4 in Invocations
  6334 | D:7      | Found Daogom's Tremendous Tomes.
  6648 | D:8      | Identified 2 scrolls of acquirement
  6795 | D:8      | Acquired a +5 executioner's axe of electrocution
  6829 | D:8      | Reached skill level 5 in Invocations
  6934 | D:8      | Reached XP level 10. HP: 18/40 MP: 13/13
  7069 | D:8      | Reached skill level 1 in Axes
  7117 | D:8      | Found a flagged portal.
  7128 | Bailey   | Entered a bailey
  7382 | Bailey   | Acquired the amulet "Hox Cial" {Reflect Will+ SH+5}
  7562 | Bailey   | Reached skill level 5 in Dodging
  7562 | Bailey   | Reached skill level 6 in Invocations
  7902 | Bailey   | Found an iron altar of Okawaru.
  7902 | Bailey   | Noticed an orc high priest
  7902 | Bailey   | Noticed a kobold demonologist
  7903 | Bailey   | Noticed a rust devil
  7903 | Bailey   | Noticed a soul eater
  7914 | Bailey   | Noticed a sixfirhy
  7917 | Bailey   | Noticed a smoke demon
  7956 | Bailey   | Killed a kobold demonologist
  8022 | Bailey   | HP: 24/80 [orc high priest/divine providence (11)]
  8027 | Bailey   | Killed an orc high priest
  8276 | Bailey   | Identified the +5 falchion "Yppoxuco" {vorpal, rCorr}
  8737 | Bailey   | Acquired a +0 pair of boots of flying
  9569 | D:8      | Found an iron altar of Okawaru.
  9694 | D:9      | Noticed Maurice
  9747 | D:9      | Noticed a two-headed ogre
  9758 | D:8      | Killed a two-headed ogre
  9759 | D:8      | Reached skill level 7 in Invocations
  9759 | D:8      | Reached XP level 11. HP: 39/87 MP: 16/16
 10129 | D:8      | Killed Maurice
 10340 | D:9      | Found Izampiem's Antique Weapon Shoppe.
 10774 | D:9      | Found a sacrificial altar of Ru.
 11120 | D:9      | Found an ornate altar of the Wu Jian Council.
 11158 | D:10     | Entered Level 10 of the Dungeon
 11158 | D:10     | Found Besium's One-of-a-Kind Rings.
 11165 | D:10     | Reached ***** piety under Zin
 11174 | D:10     | Noticed Joseph
 11179 | D:10     | Noticed a two-headed ogre
 11470 | D:10     | Reached skill level 8 in Invocations
 11470 | D:10     | Killed Joseph
 11471 | D:10     | Reached skill level 5 in Axes
 11530 | D:10     | Killed a two-headed ogre
 11655 | D:10     | Noticed Nergalle
 11664 | D:10     | HP: 15/80 [Nergalle/bolt of negative energy (26)]
 11669 | D:10     | HP: 20/77 [spectral orc warrior/+0 short sword[Nergalle]
                  | (3)]
 11670 | D:10     | Killed Nergalle
 12075 | D:10     | Found a staircase to the Lair.
 12813 | D:11     | Noticed a two-headed ogre
 12820 | D:11     | Killed a two-headed ogre
 12821 | D:11     | Reached XP level 12. HP: 97/97 MP: 18/18
 12917 | D:11     | Found Reabbobo's Magic Scroll Boutique.
 13062 | D:11     | Noticed a two-headed ogre
 13083 | D:11     | Killed a two-headed ogre
 13084 | D:11     | Reached skill level 9 in Invocations
 13253 | D:11     | Found a staircase to the Orcish Mines.
 13257 | D:11     | Found a blossoming altar of Fedhas.
 13605 | D:11     | Reached skill level 10 in Fighting
 13607 | D:11     | Reached skill level 10 in Armour
 14361 | Lair:1   | Entered Level 1 of the Lair of Beasts
 15026 | Lair:1   | Reached skill level 10 in Invocations
 15504 | Lair:2   | Reached XP level 13. HP: 104/104 MP: 20/20
 15652 | Lair:2   | Noticed an eight-headed hydra
 15928 | Lair:2   | HP: 26/105 [eight-headed hydra (12)]
 15929 | Lair:2   | Killed an eight-headed hydra
 16278 | Lair:2   | Found a snail-covered altar of Cheibriados.
 17085 | Lair:3   | Noticed a four-headed hydra
 17097 | Lair:3   | Killed a four-headed hydra
 17281 | Lair:3   | Noticed a five-headed hydra
 17281 | Lair:3   | Noticed an eight-headed hydra
 17281 | Lair:3   | Noticed lotum's ghost (journeyman FoFi)
 17282 | Lair:3   | Found a transporter.
 17295 | Lair:3   | Found a staircase to the Snake Pit.
 17311 | Lair:3   | Reached skill level 11 in Invocations
 17572 | Lair:3   | Found a transporter.
 17955 | Lair:3   | Noticed a four-headed hydra
 17970 | Lair:3   | Killed a four-headed hydra
 18320 | Lair:3   | Noticed a four-headed hydra
 18328 | Lair:3   | Killed a four-headed hydra
 18385 | Lair:3   | Found a staircase to the Swamp.
 18580 | Lair:4   | Reached XP level 14. HP: 114/114 MP: 22/22
 18910 | Lair:4   | Reached ****** piety under Zin
 19567 | Lair:5   | Entered Level 5 of the Lair of Beasts
 19628 | Lair:4   | Reached skill level 12 in Invocations
 20022 | Lair:5   | Noticed a dire elephant
 20615 | Lair:5   | Killed a dire elephant
 20756 | Lair:5   | Found a staircase to the Slime Pits.
 20757 | Lair:5   | Found a viscous altar of Jiyva.
 21714 | Lair:5   | Reached skill level 13 in Invocations
 21819 | Lair:5   | Found a burning altar of Makhleb.
 21948 | Lair:5   | Found a gateway to Hell.
 22138 | Lair:4   | Upgraded the game from 0.30-a0-540-g0af01429fa to
                  | 0.30-a0-553-g7fabdf1491
 22627 | D:12     | Noticed Rupert
 23066 | D:12     | Reached XP level 15. HP: 103/123 MP: 24/24
 23190 | D:12     | Noticed Kirke
 23772 | D:13     | Noticed Urug
 23825 | D:13     | Killed Urug
 23861 | D:12     | Killed Kirke
 23887 | D:12     | Killed Rupert
 24356 | D:13     | You are sucked into a shaft and drop 1 floor!
 24621 | D:13     | Noticed Josephine
 24643 | D:13     | Killed Josephine
 25374 | D:13     | Found a gate to the Vaults.
 25689 | D:13     | Reached skill level 10 in Axes
 25914 | D:14     | Reached skill level 14 in Invocations
 26431 | D:14     | Found a stormy altar of Qazlal.
 26566 | Orc:1    | Entered Level 1 of the Orcish Mines
 26600 | D:11     | Bought a scroll of identify for 32 gold pieces
 26794 | Orc:1    | Reached XP level 16. HP: 132/132 MP: 26/26
 26814 | Orc:1    | Noticed Harold
 26843 | Orc:1    | Killed Harold
 27278 | Orc:2    | Entered Level 2 of the Orcish Mines
 27279 | Orc:2    | Found a staircase to the Elven Halls.
 27284 | Orc:2    | Noticed Nessos
 27300 | Orc:2    | Killed Nessos
 27305 | Orc:2    | Reached skill level 10 in Shields
 27305 | Orc:2    | Reached XP level 17. HP: 139/139 MP: 27/27
 27516 | Orc:2    | Found Dydes's Jewellery Emporium.
 27516 | Orc:2    | Found Tanoopn's Jewellery Shop.
 27980 | Orc:2    | Noticed Snorg
 28007 | Orc:2    | Killed Snorg
 28162 | Orc:2    | Found Ypsaekeu's Assorted Antiques.
 28162 | Orc:2    | Found Job Ola's General Store.
 28471 | D:11     | Bought a scroll of acquirement for 832 gold pieces
 28587 | Snake:1  | Entered Level 1 of the Snake Pit
 28679 | Snake:1  | Reached skill level 10 in Dodging
 29569 | Snake:1  | Found Plog's Self-Improvement Boutique.
 30147 | Snake:1  | Reached skill level 15 in Invocations
 30265 | Snake:2  | Found a stormy altar of Qazlal.
 30586 | Snake:2  | Noticed Vashnia
 30630 | Snake:2  | Killed Vashnia
 31375 | Snake:3  | HP: 41/140 [shock serpent (14)]
 31708 | Swamp:1  | Entered Level 1 of the Swamp
 31757 | Swamp:1  | Noticed Donald
 32098 | Swamp:1  | HP: 41/140 [Donald/+1 demon trident of venom (13)]
 32099 | Swamp:1  | HP: 1/140 [Donald/+1 demon trident of venom (41)]
 32715 | Snake:3  | Reached skill level 15 in Fighting
 32978 | Snake:3  | Noticed Bai Suzhen
 33011 | Snake:3  | Reached XP level 18. HP: 132/149 MP: 29/29
 33330 | Swamp:1  | Killed Donald
 33659 | Swamp:1  | Identified the amulet of Tiyh {RegenMP rN+}
 35276 | Swamp:2  | HP: 32/139 [thorn hunter/volley of thorns (19)]
 35280 | Swamp:2  | Reached skill level 15 in Armour
 35282 | Swamp:2  | HP: 41/141 [ghost crab] (6)]
 35287 | Swamp:2  | HP: 17/141 [ghost crab] (8)]
 35995 | Swamp:2  | Reached skill level 16 in Invocations
 36057 | Swamp:2  | Noticed Louise
 36073 | Swamp:2  | Killed Louise
 36506 | Swamp:3  | Noticed a tentacled monstrosity
 36519 | Swamp:2  | HP: 44/149 [bunyip (1)]
 36523 | Swamp:2  | HP: 16/149 [bunyip (11)]
 37694 | Snake:2  | Killed Bai Suzhen
 39532 | Snake:3  | Reached XP level 19. HP: 157/157 MP: 31/31
 39758 | Snake:4  | Entered Level 4 of the Snake Pit
 39777 | Snake:4  | Reached skill level 17 in Invocations
 40003 | Snake:4  | Noticed Asterion
 40032 | Snake:4  | HP: 45/157 [Asterion/+2 morningstar of holy wrath (18)]
 40034 | Snake:4  | HP: 1/157 [Asterion/+2 morningstar of holy wrath (22)]
 40891 | Snake:3  | HP: 42/157 [shock serpent (13)]
 40893 | Snake:3  | HP: 18/157 [shock serpent/bolt of electricity (24)]
 42033 | Snake:4  | Killed Asterion
 44036 | Snake:4  | Got a serpentine rune of Zot
 44271 | Swamp:3  | Killed a tentacled monstrosity
 44272 | Swamp:3  | Reached skill level 15 in Axes
 45165 | Swamp:4  | Entered Level 4 of the Swamp
 45168 | Swamp:4  | Noticed a tentacled monstrosity
 45305 | Swamp:4  | Noticed a tentacled monstrosity
 45487 | Swamp:4  | HP: 42/157 [11-headed hydra (6)]
 45988 | Swamp:3  | Killed a tentacled monstrosity
 46510 | D:10     | Bought a +8 ring of strength for 770 gold pieces
 46628 | Vaults:1 | Entered Level 1 of the Vaults
 46731 | Vaults:1 | Noticed Saint Roka
 47056 | Vaults:1 | Killed Saint Roka
 47400 | Vaults:1 | Reached XP level 20. HP: 154/166 MP: 32/32
 47645 | Vaults:1 | Reached skill level 18 in Invocations
 48068 | Vaults:1 | HP: 48/166 [vault warden/+1 halberd (11)]
 49090 | Vaults:1 | Upgraded the game from 0.30-a0-553-g7fabdf1491 to
                  | 0.30-a0-557-ge2afbf3030
 51415 | Vaults:2 | Reached XP level 21. HP: 174/174 MP: 34/34
 51440 | Vaults:2 | Found a gateway to a bazaar.
 51462 | Bazaar   | Entered a bazaar
 51463 | Bazaar   | Found Rajo's Jewellery Boutique.
 51480 | Bazaar   | Found Bytzaim's Weapon Shop.
 51486 | Bazaar   | Found Alil's General Store.
 51526 | Bazaar   | Found Mylumom's Assorted Antiques.
 51544 | Bazaar   | Bought the ring of the Death Scarab {+Blink rElec MP+9
                  | Str+9 Int-3} for 804 gold pieces
 52239 | Vaults:2 | Found a staircase to the Crypt.
 52782 | Vaults:3 | Reached skill level 19 in Invocations
 53795 | Vaults:3 | Reached skill level 1 in Evocations
 55021 | Vaults:4 | Reached XP level 22. HP: 183/183 MP: 35/35
 56433 | Vaults:4 | Noticed Egeuwelinn's ghost (veteran GnWn)
 56434 | Vaults:4 | Noticed a golden dragon
 56436 | Vaults:4 | Noticed billz999's ghost (veteran DjFE)
 56452 | Vaults:4 | Found a transporter.
 56479 | Vaults:4 | Found a transporter.
 56699 | Elf:1    | Entered Level 1 of the Elven Halls
 56768 | Elf:1    | Found a radiant altar of Vehumet.
 56957 | Elf:1    | Identified the +1 plate armour of a bazaar {Rampage Regen+}
 57427 | Elf:1    | Reached skill level 5 in Evocations
 57493 | Elf:1    | Identified the +1 ring mail "Jyrhiph" {Str+6 Int-5 Dex+5
                  | Slay+3}
 57513 | Elf:1    | Got the Catalogue of Assembling
 57769 | Elf:2    | Found Fytz's Jewellery Boutique.
 58755 | Elf:2    | Found a huge runed translucent gate.
 58755 | Elf:2    | Found a huge runed translucent gate.
 58755 | Elf:2    | Found a huge runed translucent gate.
 58755 | Elf:2    | Found a huge runed translucent gate.
 58755 | Elf:2    | Found a huge runed translucent gate.
 58993 | Elf:2    | Reached XP level 23. HP: 173/177 MP: 36/36
 59498 | Elf:2    | Noticed Aizul
 59511 | Elf:2    | Killed Aizul
 59516 | Elf:2    | HP: 52/179 [+0 bardiche of draining (5)]
 59567 | Elf:1    | HP: 41/182 [deep elf archer/arrow (21)]
 59586 | Elf:1    | HP: 34/182 [orc high priest/divine providence (14)]
 60277 | Elf:3    | Entered Level 3 of the Elven Halls
 61120 | Elf:3    | Found Wyh Nan's Weapon Shoppe.
 61993 | Elf:3    | Reached skill level 20 in Invocations
 63276 | Elf:3    | Identified the +10 shortbow of Execution {freeze, rC+
                  | Stlth+}
 63493 | Elf:3    | Found Wyh Nan's Weapon Shoppe.
 63790 | Elf:3    | Acquired 639 gold pieces
 64602 | Swamp:4  | Reached skill level 15 in Shields
 65322 | Swamp:4  | Reached XP level 24. HP: 201/201 MP: 37/37
 65566 | Swamp:4  | Got a decaying rune of Zot
 65934 | Orc:2    | Bought a ring of resist corrosion for 340 gold pieces
 66048 | D:15     | Entered Level 15 of the Dungeon
 66188 | D:11     | Bought a scroll of enchant armour for 120 gold pieces
 66188 | D:11     | Bought a scroll of enchant armour for 120 gold pieces
 66403 | D:15     | Identified Roxanne's Folio of Evolution
 66403 | D:15     | Noticed Roxanne
 66433 | D:15     | Killed Roxanne
 66828 | D:15     | Noticed Jorgrun
 66836 | D:15     | Killed Jorgrun
 66859 | D:15     | Found a staircase to the Depths.
 66975 | Depths:1 | Entered Level 1 of the Depths
 67947 | Depths:1 | Found a one-way gate leading to the halls of Pandemonium.
 68061 | Depths:1 | Found a sparkling altar of Nemelex Xobeh.
 68155 | Depths:1 | Found a runed translucent door.
 68170 | Depths:1 | Found a runed translucent door.
 68210 | Depths:1 | Identified the ring of Mirth {rN+ Dex+6}
 68210 | Depths:1 | Identified the ring of the Townfolk {rC++ Int+6 Dex+5}
 68344 | Depths:2 | Upgraded the game from 0.30-a0-557-ge2afbf3030 to
                  | 0.30-a0-568-g124715a40b
 68423 | Depths:2 | Found the +13 scythe of Curses {drain, Drain}
 69390 | Depths:2 | Reached skill level 21 in Invocations
 69586 | Depths:2 | Reached skill level 10 in Evocations
 69876 | Depths:2 | Identified the +10 rapier "Luloreli" {heavy, Int+3}
 70100 | Depths:2 | Noticed an ancient lich
 70106 | Depths:2 | Killed an ancient lich
 70111 | Depths:2 | Identified the +8 spear of the Kidney {vamp, *Rage +Blink
                  | rF+++ rC++}
 70465 | Depths:3 | Reached XP level 25. HP: 210/210 MP: 37/37
 70486 | Depths:3 | Identified the +10 quick blade of Courage {vamp, Int+2}
 70526 | Depths:3 | Found a one-way gate to the infinite horrors of the Abyss.
 70887 | Depths:3 | Found a one-way gateway to a ziggurat.
 71541 | Depths:4 | Entered Level 4 of the Depths
 72998 | Depths:4 | Found a gate to the Realm of Zot.
 73657 | Crypt:1  | Entered Level 1 of the Crypt
 75859 | Snake:1  | Bought a manual of Throwing for 1440 gold pieces
 76237 | Crypt:2  | Reached skill level 1 in Throwing
 76437 | Crypt:2  | Reached skill level 5 in Throwing
 76936 | Crypt:3  | Entered Level 3 of the Crypt
 76938 | Crypt:3  | HP: 51/212 [flayed ghost/flay_damage (15)]
 77360 | Crypt:2  | Reached XP level 26. HP: 220/220 MP: 37/37
 77795 | Crypt:3  | Reached skill level 10 in Throwing
 79050 | Crypt:3  | Got the Omnibus of Arcane Weapons
 80700 | Crypt:3  | Found a staircase to the Tomb.
 80780 | Crypt:3  | Noticed a royal mummy
 80831 | Crypt:3  | HP: 41/213 [??? (31)]
 81561 | Crypt:3  | Killed a royal mummy
 81995 | Crypt:3  | Noticed Margery
 82014 | Crypt:3  | Killed Margery
 82221 | Crypt:3  | Identified the ring "Zeujoegi" {Wiz Slay+3}
 82332 | Crypt:3  | Identified the +1 buckler of Urydwer {Str-3 Dex+3}
 82360 | Crypt:3  | Identified the +5 lajatang of Growth {heavy, Str+6}
 82500 | Crypt:3  | Identified the +0 scale mail of Nuacsu {+Blink SInv}
 82503 | Crypt:3  | Got the Precepts of the Shocking Grave
 82515 | Crypt:3  | Identified the +10 spear of Xexzargh {flame, rN+ Will+++
                  | rCorr Str-5}
 82526 | Crypt:3  | Acquired a manual of Dodging
 83182 | Orc:2    | Bought the ring "Gigoofo" {rPois rF+ Dex+4 Slay+4} for 1754
                  | gold pieces
 84108 | Lair:3   | Killed lotum's ghost
 84675 | D:4      | Killed Thepossum's ghost
 84767 | D:3      | Found a glowing golden altar of the Shining One.
 84806 | D:3      | Noticed Taurus's ghost (amateur MiFi)
 84807 | D:3      | Found a runed translucent gate.
 84807 | D:3      | Found a runed translucent gate.
 84807 | D:3      | Found a runed translucent gate.
 84807 | D:3      | Identified the +4 chain mail of Howling Wind {Dex+3}
 84820 | D:3      | Killed Taurus's ghost
 86208 | Slime:1  | Entered Level 1 of the Pits of Slime
 86701 | Slime:5  | Entered Level 5 of the Pits of Slime
 87143 | Slime:5  | Reached skill level 22 in Invocations
 87621 | Slime:5  | Noticed the Royal Jelly
 87631 | Slime:5  | Killed the Royal Jelly
 88356 | Slime:5  | Found the +8 longbow "Zephyr" {speed, Dex+3 SInv}
 88363 | Slime:5  | Identified the +4 arbalest of Fate {freeze, rN+ Stlth+}
 88372 | Slime:5  | Identified the +5 dagger of Neuthiam {drain, rN+ Will+ MP+9
                  | Str+4}
 88440 | Slime:5  | Identified the ring "Yniuts" {rN++ Str+6}
 88465 | Slime:5  | Reached XP level 27. HP: 187/228 MP: 38/38
 88555 | Slime:5  | Got Golubria's Tome of the Map
 88620 | Slime:5  | Got a slimy rune of Zot
 89224 | Zot:1    | Entered Level 1 of the Realm of Zot
 89336 | Zot:1    | HP: 62/229 [tentacled monstrosity (9)]
 89633 | Zot:1    | HP: 68/229 [tentacled monstrosity (15)]
 90072 | Depths:4 | HP: 57/229 [storm dragon (13)]
 90077 | Depths:4 | HP: 32/229 [green draconian/+0 short sword[a yellow
                  | draconian annihilator] (5)]
 90701 | Zot:1    | Reached skill level 15 in Dodging
 91104 | Zot:1    | Noticed an orb of fire
 91302 | Depths:4 | HP: 56/210 [orb of fire/fireball (21)]
 91303 | Depths:4 | Killed an orb of fire
 91304 | Depths:4 | Reached skill level 23 in Invocations
 92644 | Zot:1    | Found a transporter.
 92650 | Zot:1    | Found a runed translucent door.
 92657 | Zot:1    | Noticed jfcaron's ghost (master DrAE)
 93114 | Zot:1    | Found a transporter.
 93192 | Zot:2    | Noticed a Killer Klown
 93255 | Zot:2    | Killed a Killer Klown
 93383 | Zot:2    | Noticed Vv
 93410 | Zot:1    | Killed Vv
 94047 | Zot:2    | Reached skill level 24 in Invocations
 96200 | Zot:4    | Acquired the +2 pair of boots of the Gusle {+Inv rC+ Int+5
                  | Stlth+}
 96473 | Zot:4    | Reached skill level 25 in Invocations
 96962 | Zot:4    | HP: 61/237 [??? (59)]
 96967 | Zot:4    | HP: 24/237 [??? (22)]
 97204 | Zot:4    | HP: 55/237 [??? (35)]
 98654 | Zot:4    | Acquired a manual of Throwing
 98729 | Zot:5    | Entered Level 5 of the Realm of Zot
100368 | Zot:5    | Noticed an ancient lich
100379 | Zot:5    | Reached skill level 15 in Throwing
100420 | Zot:5    | Killed an ancient lich
100430 | Zot:5    | Noticed an ancient lich
100435 | Zot:5    | Killed an ancient lich
100500 | Zot:5    | Noticed a Killer Klown
100502 | Zot:5    | Noticed an orb of fire
100614 | Zot:5    | Killed an orb of fire
100849 | Zot:5    | Noticed an orb of fire
100849 | Zot:5    | Noticed a Killer Klown
100853 | Zot:5    | Gained mutation: You expend magic power (3 MP) to
                  | strengthen your wands. [an orb of fire]
100871 | Zot:5    | Killed an orb of fire
100905 | Zot:5    | Killed a Killer Klown
101153 | Zot:5    | Noticed a Killer Klown
101174 | Zot:5    | Killed a Killer Klown
101567 | Zot:5    | Noticed a Killer Klown
101571 | Zot:5    | Noticed an orb of fire
101571 | Zot:5    | Noticed a Killer Klown
101573 | Zot:5    | Noticed a Killer Klown
101575 | Zot:5    | Noticed an orb of fire
101600 | Zot:5    | Noticed a Killer Klown
101610 | Zot:5    | HP: 63/238 [Killer Klown/klown pie (28)]
101623 | Zot:5    | HP: 64/238 [golden dragon (7)]
101635 | Zot:5    | Killed a Killer Klown
101642 | Zot:5    | Killed a Killer Klown
101898 | Zot:5    | Killed an orb of fire
102003 | Zot:5    | Noticed an orb of fire
102042 | Zot:5    | Noticed an ancient lich
102117 | Zot:5    | Killed an orb of fire
102429 | Zot:5    | Killed a Killer Klown
102861 | Zot:5    | Killed an orb of fire
102919 | Zot:5    | Noticed a Killer Klown
102935 | Zot:5    | Killed a Killer Klown
103129 | Zot:5    | Killed an ancient lich
103159 | Zot:5    | Killed a Killer Klown
103470 | Zot:5    | Killed a Killer Klown
104313 | Zot:5    | Got the Orb of Zot
104508 | Depths:3 | Noticed a seraph
104624 | D:12     | Noticed a seraph
104782 | D:1      | Donated 847 gold pieces to Zin
104784 | D:$      | Escaped with the Orb!

Illustrated notes

Levels and vault maps discovered:
D:1:      dpeg_arrival_solitude, layout_loops_corners,
          chequers_serial_rivers_micro_e
D:2:      layout_basic, minmay_misc_feat_ornament, pf_guarded_unrand_woodcutter,
          uniq_terence
D:3:      layout_loops_ring, nicolae_overflow_hidden_temple, tso_metal_star,
          biasface_ghost_orc_armoury, minmay_randomly_rotated_circles
D:4:      layout_loops_cross, nicolae_hepliaklqana_hazy_memory,
          nicolae_uskayaw_murder_on_the_dancefloor, nicolae_vehumet_altar_sigil,
          mainiacjoe_overflow_catwalk_spiral, nicolae_ossuary_entry_catacombs,
          hellmonk_ghost_happy_afterlife
D:5:      layout_cave_pools
D:6:      layout_cave_pools, nicolae_elyvilon_temple_path,
          yredelemnul_forgotten_temple_becter, lemuel_round_altar,
          minmay_temple_entry_wispy, uniq_grinder
D:7:      layout_gridville, bloody_makhleb, amcnicky_altar_gilded,
          nicolae_shop_i_like_big_books, minmay_fractal_squares_gapless_5
D:8:      layout_loops_ring, okawaru_altar_gauntlet_db, enter_bailey_5,
          st_stairs_9, roderic_roman_lattice
D:9:      layout_cave_pools, lemuel_tele_altar, nicolae_ru_the_path_less_chosen,
          serial_shops, nicolae_shop_advertising_works
          [nicolae_subvault_shop_adworks], nicolae_hexahallways, uniq_maurice
D:10:     layout_roguey, due_lair_maze_entry_diamond, grunt_ministairs_5,
          dk_vineyard_2, nicolae_shop_unique_rings, dreamdust_mushroom_princess,
          columned_hall_lemuel, uniq_nergalle, uniq_joseph
D:11:     layout_basic, orc_0_dummy, serial_shops, nicolae_shop_waterfront,
          serial_rivers, chequers_serial_rivers_small_b,
          chequers_serial_rivers_micro_b, chequers_serial_rivers_large_a,
          chequers_serial_rivers_micro_c, tgw_fedhas
D:12:     layout_roguey, nrook_guardian_serpent_ordinary, uniq_kirke,
          uniq_rupert
D:13:     layout_layer_cave, hangedman_vaults_entry_quadrant_bands,
          nrook_campfire, uniq_josephine, uniq_urug
D:14:     layout_cross, grunt_qazlal_clouds
D:15:     grunt_enter_depths_snipers, layout_small_grid, uniq_roxanne,
          uniq_jorgrun
Lair:1:   layout_chaotic_city
Lair:2:   layout_chaotic_city, st_stairs_7, kennysheep_snail_temple
Lair:3:   layout_gridlike, palyth_hydra_swamp_entry,
          minmay_snake_entry_guardpost_small, gammafunk_ghost_arena
Lair:4:   layout_gridlike, serial_bayou_shore_a
Lair:5:   evil_forest, layout_loops_ring, slime_entry_1, roderic_batcave
Swamp:1:  layout_basic_swamp, nicolae_swamp_trees_clearing, uniq_donald
Swamp:2:  layout_falls_marsh, evilmike_swamp_ruin_house_5, uniq_louise
Swamp:3:  layout_basic_swamp, nicolae_swamp_some_circles
Swamp:4:  swamp_fiery, layout_basic_swamp
Snake:1:  layout_grid_maze, nicolae_shop_self_help
Snake:2:  layout_cave_shapes, basic_altar, uniq_vashnia
Snake:3:  layout_misc_corridors, portal_ice_cave_entry_ice_statue_one,
          uniq_bai_suzhen
Snake:4:  johnstein_snake_rune_scales, layout_chambers, serial_bayou_shore_b,
          grunt_megastairs_2, uniq_asterion
Slime:1:  layout_caves, cheibrodos_slime_lost_civilization_5
Slime:2:  layout_caves
Slime:3:  layout_caves
Slime:4:  layout_caves
Slime:5
Orc:1:    layout_caves, uniq_harold
Orc:2:    st_orc_town, layout_diamond_mine, library_closet,
          nicolae_orc_lava_tube, uniq_nessos, uniq_snorg
Elf:1:    eino_elf_arrival_altar, layout_loops_corners, minmay_elf_demonology
Elf:2:    elven_hall_of_blades_hangedman_alternative
          [infiniplex_blade_entry_pillars], layout_geoelf_octagon, serial_shops,
          nicolae_square_shop, uniq_aizul
Elf:3:    minmay_elf_hall_golems, layout_rooms, serial_shops,
          nicolae_shop_bloodbath_and_beyond
Vaults:1: nicolae_vaults_network_quinsquares
          [nicolae_vaults_network_quincunx_subvault,
          nicolae_vaults_network_quincunx_subvault,
          nicolae_vaults_network_quincunx_subvault,
          nicolae_vaults_network_quincunx_subvault], ontoclasm_vaults_shuriken,
          v_misc_1, hangedman_vaults_river_flow,
          nicolae_vaults_little_squares_6, hangedman_vaults_slice,
          nicolae_vaults_big_ls, st_more_cells, layout_vaults_big_room,
          uniq_saint_roka
Vaults:2: nicolae_vaults_circle_grid_b, st_spiral_rooms, v_misc_24,
          vaults_room_large_hall, minmay_crypt_entry_skeletal_spiral,
          vaults_room_pool, vaults_room_door_ring, v_pattern_1,
          vaults_mumra_hex, v_misc_16, nicolae_vaults_rhombus_6,
          layout_vaults_omnigrid, serial_shops, bzr_entry_safe
Vaults:3: vaults_dpeg_emergency_exit, vaults_room_hangedman_quadrants,
          v_misc_12, vaults_room_grid, vaults_dpeg_encased_lava,
          v_alt_pattern_6, dpeg_vaults_monster_box, nicolae_vaults_angled_halls,
          v_alt_pattern_3, nicolae_vaults_theta, vaults_room_semicircle,
          hangedman_vaults_maws, nicolae_vaults_sealed_display,
          layout_vaults_omnibox
Vaults:4: nzn_ghost_randoct, nicolae_vaults_ring_of_whatevers,
          hangedman_vaults_maws, nicolae_vaults_network_quincunx
          [nicolae_vaults_network_quincunx_subvault,
          nicolae_vaults_network_quincunx_subvault,
          nicolae_vaults_network_quincunx_subvault,
          nicolae_vaults_network_quincunx_subvault,
          nicolae_vaults_network_quincunx_subvault], nicolae_vaults_network_s,
          vaults_room_ringed_pool, v_pattern_4, nicolae_vaults_murderbox,
          nicolae_vaults_little_squares_5, nicolae_vaults_little_squares_1,
          vaults_room_pool, ontoclasm_vaults_loading_screen, vaults_dpeg_doors,
          ontoclasm_vaults_misaligned, layout_vaults_big_cross
Crypt:1:  layout_catacombs
Crypt:2:  layout_misc_corridors, grunt_megastairs_1
Crypt:3:  due_elkab, layout_chaotic_city, tomb_entry_shell_bobbens, uniq_margery
Depths:1: minmay_the_grid_triangle_9x9_recursive_3_mashed
          [minmay_the_grid_triangle_9x9_wacky_v,
          minmay_the_grid_triangle_9x9_empty,
          minmay_the_grid_triangle_9x9_pentomino_pain,
          minmay_the_grid_triangle_9x9_prize_top_heavy,
          minmay_the_grid_triangle_9x9_tough_junction,
          minmay_the_grid_triangle_9x9_negative_grid,
          minmay_the_grid_triangle_9x9_corruption,
          minmay_the_grid_triangle_9x9_descending_squares,
          minmay_the_grid_triangle_9x9_from_above], layout_cave_shapes,
          nemelex_spade_bored_becter, serial_glass, glass_columns_c,
          glass_columns_b, glass_columns_c, hangedman_coc_ice_floe,
          rand_demon_pan_entry_7, kennysheep_doodads
Depths:2: constructs_gauntlet_mu_hangedman, layout_gridlike, minmay_holes,
          rand_demon_pan_entry_8, hell_entry, infiniplex_staircase_spiral
Depths:3: dreamdust_merry_men, layout_honeycomb, enter_ziggurat_c, abyss_entry,
          hell_entry, infiniplex_staircase_spiral_double
Depths:4: grunt_zot_entry_alcove, layout_twisted_cross, nicolae_triple_integral,
          rand_demon_pan_entry_9, hell_entry, bh_walls_and_bars
Zot:1:    gammafunk_its_a_trap, layout_misc_corridors,
          ebering_ghost_reflecting_pool, evilmike_ambush
          [evilmike_ambush_outer_corners, evilmike_ambush_inner_cross]
Zot:2:    layout_misc_corridors, uniq_vv
Zot:3:    kennysheep_ambush_hall, layout_misc_corridors
Zot:4:    gammafunk_mikee_crab_dinner, layout_basic, grunt_ministairs_2
Zot:5:    layout_onion, st_stairs_2

Skill      XL: |  1  2  3  4  5  6  7  8  9 10 11 12 13 14 15 16 17 18 19 20 21 22 23 24 25 26 27 |
---------------+----------------------------------------------------------------------------------+-----
Armour         | 4 5 6 7 8 9 10 11 13 14 15 16 17 18 19 20 | 20.0
Fighting       | 4 5 6 7 8 9 10 11 13 14 15 16 17 18 19 20 21 24 | 24.0
Shields        | 5 6 9 10 11 13 14 15 16 | 16.2
Stealth        | 1 2 3 5 |  5.0
Maces & Flails | 3 4 5 |  5.9
Dodging        | 1 2 3 4 5 7 8 9 10 11 12 14 17 | 17.4
Invocations    | 1 3 5 7 8 10 11 13 14 15 16 17 18 19 20 21 22 25 | 25.3
Axes           | 4 5 7 8 10 11 12 14 15 16 18 19 20 21 | 21.3
Evocations     | 2 6 8 10 11 | 11.7
Throwing       | 8 13 19 | 19.4

Action                   |  1- 3 |  4- 6 |  7- 9 | 10-12 | 13-15 | 16-18 | 19-21 | 22-24 | 25-27 || total
-------------------------+-------+-------+-------+-------+-------+-------+-------+-------+-------++-------
Melee: Flail             |    68 |    17 |    71 |   463 |   993 |       |       |       |       ||  1612
       Battleaxe         |       |    70 |   176 |       |       |       |       |       |       ||   246
       Executioner's axe |       |       |       |       |    20 |   757 |   989 |  1024 |  1831 ||  4621
       Dire flail        |       |       |       |       |       |    14 |    36 |       |       ||    50
       Great mace        |       |       |       |       |       |       |       |     9 |       ||     9
 Fire: Longbow           |       |       |       |       |       |    15 |       |       |     9 ||    24
       Shortbow          |       |       |       |       |       |       |       |     1 |       ||     1
Throw: Dart              |       |       |       |     4 |     3 |     3 |       |       |       ||    10
       Javelin           |       |       |       |       |       |       |       |       |     2 ||     2
Invok: Donate Gold       |       |       |     1 |       |       |       |       |       |     1 ||     2
       Recite            |       |       |    16 |    39 |    43 |    91 |    92 |    77 |   110 ||   468
       Vitalisation      |       |       |       |     3 |       |     6 |     1 |     3 |    12 ||    25
       Imprison          |       |       |       |     2 |       |       |     2 |     2 |     5 ||    11
       Sanctuary         |       |       |       |       |     1 |     2 |     2 |     1 |     6 ||    12
 Abil: Dig               |       |       |     2 |       |     1 |       |     3 |     4 |     4 ||    14
Evoke: Wand              |       |       |       |     1 |     5 |       |     3 |       |       ||     9
       Phantom mirror    |       |       |       |       |       |       |       |       |     1 ||     1
       Tin of tremorston |       |       |       |       |       |       |       |       |     2 ||     2
  Use: Scroll            |       |       |    16 |     9 |     9 |     5 |       |     9 |    15 ||    63
       Potion            |       |       |       |     2 |     1 |     7 |     4 |     2 |    14 ||    30
 Stab: Sleeping          |       |       |     2 |       |       |       |       |       |       ||     2
       Invisible         |       |       |     1 |     4 |     3 |     3 |     2 |     1 |       ||    14
       Confused          |       |       |     1 |     7 |    16 |    32 |    22 |    19 |    36 ||   133
       Paralysed         |       |       |       |     3 |     3 |    22 |       |    13 |     8 ||    49
       Petrified         |       |       |       |       |     4 |       |       |       |       ||     4
       Distracted        |       |       |       |       |       |       |       |     1 |       ||     1
Armor: Scale mail        |    25 |    33 |    64 |       |       |       |       |       |       ||   122
       Chain mail        |       |       |       |   151 |    35 |       |       |       |       ||   186
       Crystal plate arm |       |       |       |       |   346 |   460 |   566 |   465 |   925 ||  2762
Dodge: Dodged            |    31 |    33 |   100 |   226 |   261 |   224 |   249 |   230 |   551 ||  1905
Block: Buckler           |    17 |    15 |    56 |   236 |    73 |       |       |       |       ||   397
       Reflection        |       |       |       |    17 |    35 |    69 |   112 |   113 |    30 ||   376
       Kite shield       |       |       |       |       |   764 |   802 |   137 |       |       ||  1703
       Tower shield      |       |       |       |       |       |       |  1043 |  1057 |  1779 ||  3879

Table legend: (Time is in decaauts)
 A = Elapsed time spent in this place.
 B = Non-inter-level travel time spent in this place.
 C = Inter-level travel time spent in this place.
 D = Time resting spent in this place.
 E = Time spent auto-exploring this place.
 F = Levels seen in this place.
 G = Mean time per level.
                   A        B        C        D        E       F      G
               +--------+--------+--------+--------+--------+-----+--------+
         Total | 105785 |  90488 |  15297 |  32029 |  35513 |  57 | 1855.9 |
       Dungeon |  22477 |  17854 |   4623 |   3211 |  10325 |  15 | 1498.5 |
          Lair |  10436 |   8412 |   2024 |   1961 |   4313 |   5 | 2087.2 |
         Swamp |   7335 |   6755 |    580 |   2888 |   2297 |   4 | 1833.8 |
     Snake Pit |  11287 |  10002 |   1285 |   4711 |   2908 |   4 | 2821.8 |
    Slime Pits |   2487 |   1896 |    591 |    927 |    270 |   5 |  497.4 |
  Orcish Mines |   2230 |   1944 |    286 |    447 |    888 |   2 | 1115.0 |
   Elven Halls |   7040 |   6266 |    774 |   2150 |   2361 |   3 | 2346.7 |
        Vaults |  10781 |   9206 |   1575 |   2592 |   4055 |   4 | 2695.2 |
         Crypt |   8448 |   7844 |    604 |   3620 |   2495 |   3 | 2816.0 |
        Depths |   9075 |   7868 |   1207 |   3572 |   2692 |   4 | 2268.8 |
           Zot |  11841 |  10097 |   1744 |   5106 |   2429 |   5 | 2368.2 |
        Bazaar |    201 |    201 |      0 |      0 |     61 |   1 |  201.0 |
       Ossuary |    269 |    269 |      0 |     54 |    121 |   1 |  269.0 |
        Bailey |   1872 |   1872 |      0 |    788 |    298 |   1 | 1872.0 |
               +--------+--------+--------+--------+--------+-----+--------+

Top non-repeatable levels by time:
   Zot:5: 4882 daAuts
 Crypt:3: 4209 daAuts
Vaults:2: 3870 daAuts
Depths:4: 3765 daAuts
   Elf:3: 3305 daAuts
 Snake:4: 3265 daAuts
    D:13: 3089 daAuts
 Snake:2: 3032 daAuts
   Zot:4: 2886 daAuts
  Lair:3: 2763 daAuts
 Snake:3: 2749 daAuts
 Crypt:2: 2548 daAuts
Vaults:4: 2534 daAuts
 Swamp:3: 2479 daAuts
    D:11: 2425 daAuts
